 Dungeon Crawl Stone Soup version 0.30-a0-614-ge5ea1257c2 (console) character file.

Game seed: 6936974139587855868

174 Ignak the Sneak (level 5, 0/32 (33) HPs)
             Began as an Octopode Enchanter on Jan 9, 2023.
             Slain by an orc wizard
             ... wielding a +2 dagger of draining
              (3 damage)
             ... on level 3 of the Dungeon.
             The game lasted 00:06:40 (2400 turns).

Ignak the Sneak (Octopode Enchanter)                Turns: 2400, Time: 00:06:41

HP:   0/32 (33)     AC:  1    Str:  7    XL:     5   Next: 54%
MP:   1/8           EV: 14    Int: 17    God:
Gold: 148           SH:  0    Dex: 15    Spells: 3/8 levels left

rFire   . . .      SeeInvis .    a - +1 dagger
rCold   + . .      Faith    .    (no shield)
rNeg    . . .      Spirit   .    (helmet restricted)
rPois   +          Reflect  .    (no amulet)
rElec   .          Harm     .    g - ring of poison resistance
rCorr   +          Rampage  .    m - ring of protection from cold
Will    .....                    i - ring of resist corrosion
Stlth   ++                       (no ring)
HPRegen 0.25/turn                (no ring)
MPRegen 0.11/turn                (no ring)
                                 (no ring)
                                 (no ring)

@: confused, lightly drained
A: almost no armour, amphibious, 8 rings, camouflage 1, gelatinous body 1,
(nimble swimmer 1), tentacles
a: no special abilities


You were on level 3 of the Dungeon.
You visited 1 branch of the dungeon, and saw 3 of its levels.

You collected 148 gold pieces.

Inventory:

Hand Weapons
 a - a +1 dagger (weapon)
 b - a +2 quarterstaff of chaos
Missiles
 h - 12 poisoned darts (quivered)
Jewellery
 c - a ring of fire
 d - an amulet of faith
 g - a ring of poison resistance (left tentacle)
 i - a ring of resist corrosion (on tentacle)
 m - a ring of protection from cold (right tentacle)
Scrolls
 n - a scroll of blinking
Potions
 e - 4 potions of curing
 f - a potion of brilliance {unknown}
 j - a potion of invisibility
 l - a potion of haste {unknown}
 o - a potion of flight {unknown}


   Skills:
 + Level 1.2 Fighting
 + Level 1.7 Short Blades
 * Level 3.1 Dodging
 * Level 5.3 Stealth
 - Level 1.0 Unarmed Combat
 + Level 2.4 Spellcasting
 + Level 3.5 Hexes
 + Level 0.9 Ice Magic


You had 3 spell levels left.
You knew the following spells:

 Your Spells              Type           Power      Damage    Failure   Level
a - Confusing Touch       Hex            14%        N/A       13%         3
c - Ensorcelled Hibernat  Hex/Ice        18%        N/A       12%         2

Your spell library contained the following spells:

 Spells                   Type           Power      Damage    Failure   Level
 Tukima's Dance           Hex            14%        N/A       13%         3
 Kiss of Death            Conj/Necr      8%         2d6       19%         1
 Dazzling Flash           Conj/Hex       16%        N/A       26%         3
 Ozocubu's Armour         Ice            5%         N/A       36%         3
 Dispel Undead            Necr           2%         3d7       88%         4
 Metabolic Englaciation   Hex/Ice        4%         N/A       91%         5
 Simulacrum               Ice/Necr       1%         N/A       100%        6


Dungeon Overview and Level Annotations

Branches:
Dungeon (3/15)

Altars:


Innate Abilities, Weirdness & Mutations

You cannot wear most types of armour.
You are amphibious.
You can wear up to eight rings at the same time.
Your skin changes colour to match your surroundings (Stealth+).
Your rubbery body absorbs attacks. (AC +1, EV +1)
((You are camouflaged when in or above water. (Stealth+)))
You have tentacles for arms and can constrict up to eight enemies at once.


Message History

It is a scroll of identify.
n - a scroll of blinking Something barely misses you.
You hit something. Your squeeze misses something. Something barely misses you.
You closely miss something.
Your magical contamination has completely faded away.
Casting: Ensorcelled Hibernation (safe; 12% risk of failure)
Confirm with . or Enter, or press ? or * to list all spells.
Aiming: Ensorcelled Hibernation (safe; 12% risk of failure)
Press: ? - help, Shift-Dir - straight line, f - orc wizard
Aim: an orc wizard, wielding a +2 dagger of draining and wearing a +0 robe (chance to affect: 43%)
The orc wizard resists with some effort.
Something hits you.
The orc wizard hits you with a +2 dagger of draining.
You feel drained.
Casting: Ensorcelled Hibernation (safe; 12% risk of failure)
Confirm with . or Enter, or press ? or * to list all spells.
Aiming: Ensorcelled Hibernation (safe; 12% risk of failure)
Press: ? - help, Shift-Dir - straight line, f/p - orc wizard
Aim: an orc wizard, wielding a +2 dagger of draining and wearing a +0 robe (chance to affect: 43%)
The orc wizard looks drowsy...
You hear some strange, mumbled words.
You are confused.
You hit the orc wizard.
The orc wizard shouts!
You squeeze the orc wizard.
The orc wizard is severely wounded.
You hear some strange, mumbled words.
A puff of flame appears from out of thin air!
The puff of flame hits you! The orc wizard misses you.
You bump into the stone wall.
You hear some strange, mumbled words.
A puff of flame appears from out of thin air!
The puff of flame hits you!
* * * LOW HITPOINT WARNING * * *
The orc wizard points at you and mumbles some strange words.
You resist with some effort.
You bump into the stone wall.
Something barely misses you.
The orc wizard hits you with a +2 dagger of draining.
You die...

#.#.###.##.......#
###.##........
#.......##.......# #.
########.
###.######.......# #. #.
###.......######## #####
#. #....†###.......#
#..#.. #.
#.#.#)###..####.##
#...'. #.
#.#..............##....#
#.
#.#.#.###..####.##.....#
#.
#.#.#.###..####.@#.⌠.⌠.#
##
#...............{o..⌠..+
#####
##################.⌠.⌠.#
..#. #.....# #.#.
##....# ####.#. #...+
#...... #..# #.##.## ###
#....## #.#####


You could see an orc wizard.

Vanquished Creatures
  Crazy Yiuf (D:2)
  Jessica (D:2)
  Robin (D:2)
  3 adders (D:2)
  3 worms
  A dart slug (D:2)
  A ball python (D:2)
  4 endoplasms
  13 goblins
  7 hobgoblins
  9 jackals (D:1)
  8 kobolds
  2 quokkas
  4 bats
  A frilled lizard (D:3)
  9 rats
68 creatures vanquished.

Vanquished Creatures (others)
  A fungus (D:2)
1 creature vanquished.

Grand Total: 69 creatures vanquished

Notes
Turn   | Place    | Note
-------+----------+-------------------------------------------
     0 | D:1      | Ignak the Octopode Enchanter began the quest for the Orb.
     0 | D:1      | Reached XP level 1. HP: 11/11 MP: 3/3
   136 | D:1      | Reached XP level 2. HP: 17/17 MP: 5/5
   141 | D:1      | Learned a level 2 spell: Ensorcelled Hibernation
   397 | D:1      | Reached XP level 3. HP: 20/22 MP: 3/6
   413 | D:1      | Found a faded altar of an unknown god.
   469 | D:1      | Learned a level 3 spell: Confusing Touch
   924 | D:2      | Reached XP level 4. HP: 27/27 MP: 7/7
  1141 | D:2      | Noticed Robin
  1267 | D:2      | HP: 1/27 [goblin/+0 dagger[Robin] (6)]
  1413 | D:2      | Killed Robin
  1414 | D:2      | Reached skill level 1 in Unarmed Combat
  1519 | D:2      | Reached skill level 5 in Stealth
  1710 | D:2      | Noticed Jessica
  1719 | D:2      | Killed Jessica
  1720 | D:2      | Reached skill level 1 in Fighting
  1720 | D:2      | Reached XP level 5. HP: 31/33 MP: 5/8
  1954 | D:2      | Found a runed translucent door.
  1955 | D:2      | Noticed Crazy Yiuf
  1965 | D:2      | Killed Crazy Yiuf
  2400 | D:3      | Slain by an orc wizard

Illustrated notes

Levels and vault maps discovered:
D:1:      sevenhm_arrival_forest_fort_small_4, layout_loops_ring,
          hellmonk_ecumenical_altar_lost_god
D:2:      layout_basic, item_on_display_a, uniq_jessica,
          uniq_crazy_yiuf_cottage, uniq_robin
D:3:      layout_loops_cross, palyth_temple_overflow_mages

Skill      XL: |  1  2  3  4  5 |
---------------+----------------+-----
Unarmed Combat | 1 |  1.0
Stealth        | 5 |  5.3
Fighting       | 1 |  1.2
Dodging        | 3 |  3.1
Short Blades   | |  1.7
Spellcasting   | |  2.4
Hexes          | |  3.5
Ice Magic      | |  0.9

Action                   |  1- 3 |  4- 6 || total
-------------------------+-------+-------++-------
Melee: Dagger            |    75 |    72 ||   147
       Constrict         |    21 |    18 ||    39
       Tentacles         |    15 |    14 ||    29
       Punch             |     1 |     2 ||     3
Throw: Dart              |       |     3 ||     3
 Cast: Ensorcelled Hiber |     8 |    10 ||    18
  Use: Potion            |     2 |     2 ||     4
       Scroll            |     2 |     3 ||     5
 Stab: Sleeping          |    14 |     8 ||    22
       Distracted        |       |     2 ||     2
       Invisible         |       |     2 ||     2
Armor: Skin              |     1 |     3 ||     4
Dodge: Dodged            |    37 |    51 ||    88

Table legend: (Time is in decaauts)
 A = Elapsed time spent in this place.
 B = Non-inter-level travel time spent in this place.
 C = Inter-level travel time spent in this place.
 D = Time resting spent in this place.
 E = Time spent auto-exploring this place.
 F = Levels seen in this place.
 G = Mean time per level.
                   A        B        C        D        E       F      G
               +--------+--------+--------+--------+--------+-----+--------+
         Total |   2401 |   2353 |     48 |    310 |   1219 |   3 |  800.3 |
       Dungeon |   2401 |   2353 |     48 |    310 |   1219 |   3 |  800.3 |
               +--------+--------+--------+--------+--------+-----+--------+

Top non-repeatable levels by time:
     D:2: 1118 daAuts
     D:1: 811 daAuts
     D:3: 472 daAuts
